 Dungeon Crawl Stone Soup version 0.30-a0-223-gcb0039aa0c (webtiles) character file.

Game seed: 7588484048323790312

3668 qw the Blocker (level 10, -3/60 HPs)
             Began as a Gargoyle Fighter on Oct 9, 2022.
             Was a Follower of Okawaru.
             Slain by an orange demon (5 damage)
             ... led by Amaemon
             ... on level 8 of the Dungeon.
             The game lasted 00:03:11 (7879 turns).

qw the Blocker (Gargoyle Fighter)                   Turns: 7879, Time: 00:03:11

Health: -3/60      AC: 21    Str: 23    XL:     10   Next: 12%
Magic:  13/13      EV:  8    Int: 10    God:    Okawaru [*.....]
Gold:   605        SH: 17    Dex:  9    Spells: 9/9 levels left

rFire   + . .      SeeInvis .    Y - +1 war axe
rCold   . . .      Faith    .    n - +0 tower shield
rNeg    + . .      Spirit   .    h - +0 chain mail
rPois   inf        Reflect  .    (no helmet)
rElec   +          Harm     .    (no cloak)
rCorr   .          Rampage  .    g - +2 pair of gloves
Will    .....                    (no boots)
Stlth   ..........               (no amulet)
HPRegen 0.30/turn                m - ring of protection from fire
MPRegen 0.13/turn                (no ring)

@: about to teleport, heroic, weakened
A: sickness immunity, AC +7, negative energy resistance 1, electricity
resistance, torment resistance 1, petrification resistance
a: Renounce Religion, Heroism


You were on level 8 of the Dungeon.
You worshipped Okawaru.
Okawaru was aware of your devotion.
You visited 2 branches of the dungeon, and saw 9 of its levels.
You also visited: Sewer.

You collected 605 gold pieces.


Innate Abilities, Weirdness & Mutations

You are immune to sickness and miasma.
Your stone body is resilient. (AC +7)
You are immune to poison.
You resist negative energy. (rN+)
You are resistant to electric shocks. (rElec)
You are resistant to unholy torment.
You are immune to petrification.


   Skills:
 - Level 6.0(11.0) Fighting
 - Level 9.0(14.0) Axes
 - Level 4.2(9.2) Armour
 - Level 1.0(6.0) Dodging
 + Level 9.4(14.4) Shields
 - Level 4.2 Invocations


You had 9 spell levels left.
You didn't know any spells.
Your spell library was empty.

Inventory:

Hand Weapons
 k - a +0 morningstar
 Y - a +1 war axe (weapon)
Armour
 g - a +2 pair of gloves (worn)
 h - a +0 chain mail (worn)
 n - a +0 tower shield (worn)
Jewellery
 m - a ring of protection from fire (left hand)
 r - an amulet of reflection
Scrolls
 f - a scroll of enchant armour
 j - a scroll of identify
 o - 2 scrolls of teleportation
Potions
 a - a potion of lignification
 b - 3 potions of mutation
 c - a potion of ambrosia {unknown}
 d - a potion of might
 e - 4 potions of curing
 i - 8 potions of haste
 l - a potion of cancellation {unknown}
 p - a potion of attraction {unknown}
 q - 2 potions of magic

Dungeon Overview and Level Annotations

Branches:
Dungeon (8/15)             Temple (1/1) D:6           Sewer (visited)
   Lair: D:8-11

Altars:
Ashenzari
Cheibriados
Dithmenos
Elyvilon
Fedhas
Gozag
Hepliaklqana
Kikubaaqudgha
Makhleb
Nemelex Xobeh
Okawaru
Qazlal
Ru
Sif Muna
Trog
Uskayaw
Vehumet
Wu Jian
Xom
Yredelemnul
The Shining One

Annotations:
D:8 Amaemon


Message History

Amaemon is moderately wounded.
You slash the orange demon! The orange demon completely misses you.
The orange demon hits you but does no damage.
Amaemon hisses.
Amaemon barely misses you. You block Amaemon's attack. x2
You closely miss Amaemon.
Amaemon is moderately wounded.
You hit the orange demon but do no damage.
You block the orange demon's attack.
The orange demon hits you but does no damage.
Amaemon hits you but does no damage. Amaemon claws you. Amaemon tail-slaps you.
You hit Amaemon.
Amaemon is moderately wounded.
You hit the orange demon. The orange demon stings you.
You block the orange demon's attack. You block Amaemon's attack.
Amaemon claws you! Amaemon barely misses you.
7876 ||| READING 3 scrolls of teleportation.
As you read the scroll of teleportation, it crumbles to dust.
You feel strangely unstable. You block the orange demon's attack.
The orange demon barely misses you.
Amaemon barely misses you. x2; You block Amaemon's attack.
You hit Amaemon but do no damage.
Amaemon is moderately wounded.
You slash the orange demon!
The orange demon stings you but does no damage.
You block the orange demon's attack. Amaemon hits you but does no damage.
You block Amaemon's attack. Amaemon barely misses you.
You hit the orange demon but do no damage.
The orange demon is heavily wounded.
You hit Amaemon but do no damage. You block the orange demon's attack.
The orange demon hits you.
You feel as though you will be weak longer.
Amaemon hits you but does no damage. Amaemon barely misses you.
You block Amaemon's attack.
You hit the orange demon.
The orange demon is heavily wounded.
You closely miss Amaemon. The orange demon stings you!
The orange demon hits you.
You die...

#.......)...+.. #
6##...........### ..
..+.............. ...
#.#........###### #..
#$#........##....
#..####(#........##.###
#....#.######......#
#6#.# #......### #.@4#
#......'.. ##..#
#......### #..###
#...)..# ##...#
#......# #......#.##
#......#
#.######..##########
##...# ###.### #...###
###


You could see Amaemon and an orange demon.

Vanquished Creatures
  Pikel (D:8)
  A wraith (D:8)
  Duvessa (D:7)
  A water moccasin (D:6)
  3 black bears
  An ogre (D:6)
  2 centaurs (D:8)
  3 lemures (D:8)
  3 phantoms
  A kobold brigand (D:6)
  Blork the orc (D:5)
  3 bullfrogs
  2 necrophages
  2 scorpions (D:6)
  A gnoll sergeant (D:5)
  Dowan (D:7)
  7 wights
  8 killer bees (D:7)
  4 hounds
  An orc priest (D:3)
  4 iguanas
  Terence (D:2)
  2 orc wizards (D:3)
  16 adders
  4 gnolls
  4 river rats (Sewer)
  2 ufetubi
  2 dart slugs
  16 orcs
  3 bats
  6 endoplasms
  5 giant cockroaches
  5 goblins
  8 hobgoblins
  A jackal (D:4)
  8 quokkas
  25 ball pythons
  3 frilled lizards
  11 kobolds
  23 rats
196 creatures vanquished.

Vanquished Creatures (others)
  A kobold (D:3)
  2 plants (D:6)
3 creatures vanquished.

Grand Total: 199 creatures vanquished

Notes
Turn   | Place    | Note
-------+----------+-------------------------------------------
     0 | D:1      | qw the Gargoyle Fighter began the quest for the Orb.
     0 | D:1      | Reached XP level 1. HP: 14/14 MP: 1/1
     0 | D:1      | 0 ||| qw: Version: 0.2-a-17-g06abaee
     0 | D:1      | 0 ||| qw: Game counter: 2185
     0 | D:1      | 0 ||| qw: Always use a shield: true
     0 | D:1      | 0 ||| qw: God list: Okawaru
     0 | D:1      | 0 ||| qw: Allow faded altars: false
     0 | D:1      | 0 ||| qw: Do Orc after D:15 true
     0 | D:1      | 0 ||| qw: Do second Lair branch before Depths: true
     0 | D:1      | 0 ||| qw: Lair rune preference: random
     0 | D:1      | 0 ||| qw: Plans: Normal, Zot:1-4, God:TSO, Crypt, Tomb,
                  | Pan, Slime:5, Hells, Abyss, Orb
     0 | D:1      | 0 ||| PLANNING D:1-11
     7 | D:1      | 7 ||| Stepping ~*~*~tactically~*~*~ (stealth).
     9 | D:1      | 9 ||| Stepping ~*~*~tactically~*~*~ (stealth).
    18 | D:1      | 18 ||| Stepping ~*~*~tactically~*~*~ (hiding).
    74 | D:1      | 74 ||| Stepping ~*~*~tactically~*~*~ (stealth).
   127 | D:1      | Found a faded altar of an unknown god.
   132 | D:1      | Reached XP level 2. HP: 19/19 MP: 2/2
   165 | D:1      | 165 ||| Stepping ~*~*~tactically~*~*~ (stealth).
   166 | D:1      | 166 ||| Stepping ~*~*~tactically~*~*~ (stealth).
   169 | D:1      | 169 ||| Stepping ~*~*~tactically~*~*~ (stealth).
   181 | D:1      | 181 ||| Stepping ~*~*~tactically~*~*~ (stealth).
   495 | D:1      | 495 ||| DROPPING +3 leather armour.
   496 | D:1      | 496 ||| READING 3 scrolls labelled JUOMIX LIARUOXKIA.
   497 | D:1      | 497 ||| READING scroll labelled MURUAG OTHRE.
   498 | D:1      | 498 ||| READING 4 scrolls labelled MOQITISCHADUBB.
   499 | D:1      | 499 ||| READING scroll labelled BAATUP MYMODI.
   504 | D:1      | 504 ||| READING scroll labelled LOVIRIV ZAWKO.
   505 | D:1      | 505 ||| READING 3 scrolls of identify.
   505 | D:1      | 505 ||| IDENTIFYING clear potion
   605 | D:2      | Reached skill level 3 in Axes
   605 | D:2      | Reached XP level 3. HP: 22/23 MP: 3/3
   806 | D:2      | Noticed Terence
   815 | D:2      | Killed Terence
   816 | D:2      | Reached XP level 4. HP: 22/28 MP: 4/4
   866 | D:2      | 866 ||| DROPPING +0 mace.
  1014 | D:2      | 1014 ||| Stepping ~*~*~tactically~*~*~ (stealth).
  1354 | D:2      | 1354 ||| UPGRADING to +0 pair of gloves.
  1359 | D:2      | 1359 ||| UPGRADING to +0 chain mail.
  1369 | D:2      | 1369 ||| DROPPING +0 scale mail.
  1370 | D:2      | 1370 ||| READING 2 scrolls of enchant armour.
  1370 | D:2      | 1370 ||| ENCHANTING +0 pair of gloves.
  1371 | D:2      | 1371 ||| READING scroll of enchant armour.
  1371 | D:2      | 1371 ||| ENCHANTING +1 pair of gloves.
  1372 | D:2      | 1372 ||| READING scroll labelled FUGUBO XOSE.
  1373 | D:2      | 1373 ||| READING 3 scrolls of identify.
  1373 | D:2      | 1373 ||| IDENTIFYING emerald potion
  1374 | D:2      | 1374 ||| READING 2 scrolls of identify.
  1374 | D:2      | 1374 ||| IDENTIFYING amethyst potion
  1375 | D:2      | 1375 ||| DROPPING potion of flight.
  1486 | D:3      | Noticed a phantom
  1505 | D:3      | Killed a phantom
  1506 | D:3      | Reached XP level 5. HP: 25/32 MP: 5/5
  1716 | D:3      | Found a white marble altar of Elyvilon.
  1730 | D:3      | Reached XP level 6. HP: 30/38 MP: 6/6
  1740 | D:3      | HP: 8/38 [ball python (3)]
  1741 | D:3      | 1741 ||| READING scroll of teleportation.
  2080 | D:3      | 2080 ||| DROPPING +6 ring of intelligence.
  2081 | D:3      | 2081 ||| READING scroll labelled INGEXU HEETIEM.
  2082 | D:3      | 2082 ||| READING scroll labelled VORE VEDYRI.
  2083 | D:3      | 2083 ||| DRINKING 2 bubbling red potions.
  2188 | D:3      | 2188 ||| DROPPING potion of berserk rage.
  2529 | D:4      | Noticed a black bear
  2530 | D:4      | 2530 ||| Stepping ~*~*~tactically~*~*~ (stealth).
  2545 | D:4      | Killed a black bear
  2630 | D:4      | 2630 ||| Stepping ~*~*~tactically~*~*~ (stealth).
  2671 | D:4      | Reached skill level 6 in Axes
  2852 | D:4      | 2852 ||| Stepping ~*~*~tactically~*~*~ (stealth).
  2855 | D:4      | 2855 ||| Stepping ~*~*~tactically~*~*~ (stealth).
  3008 | D:4      | Reached XP level 7. HP: 38/43 MP: 7/7
  3071 | D:4      | Reached skill level 1 in Dodging
  3115 | D:4      | 3115 ||| Stepping ~*~*~tactically~*~*~ (stealth).
  3319 | D:4      | 3319 ||| Stepping ~*~*~tactically~*~*~ (hiding).
  3495 | D:4      | 3495 ||| READING scroll labelled QANO ZYRAIFOOKHLI.
  3596 | D:4      | 3596 ||| READING scroll labelled SIOT JARICLEI.
  3597 | D:4      | 3597 ||| READING 2 scrolls of identify.
  3597 | D:4      | 3597 ||| IDENTIFYING bubbling ruby potion
  3850 | D:5      | Entered Level 5 of the Dungeon
  3863 | D:5      | 3863 ||| STAIRDANCE
  3898 | D:5      | Noticed Blork the orc
  3899 | D:5      | 3899 ||| Stepping ~*~*~tactically~*~*~ (hiding).
  3909 | D:5      | Killed Blork the orc
  3963 | D:5      | 3963 ||| Stepping ~*~*~tactically~*~*~ (stealth).
  4017 | D:5      | 4017 ||| FLEEEEING.
  4018 | D:5      | 4018 ||| FLEEEEING.
  4249 | D:5      | Found a shimmering blue altar of Sif Muna.
  4251 | D:5      | 4251 ||| Stepping ~*~*~tactically~*~*~ (stealth).
  4252 | D:5      | 4252 ||| Stepping ~*~*~tactically~*~*~ (stealth).
  4262 | D:5      | Reached XP level 8. HP: 37/49 MP: 8/8
  4400 | D:5      | 4400 ||| Stepping ~*~*~tactically~*~*~ (stealth).
  4562 | D:5      | Found a blossoming altar of Fedhas.
  4718 | D:5      | 4718 ||| READING 2 scrolls of identify.
  4718 | D:5      | 4718 ||| IDENTIFYING fuming green potion
  4728 | D:6      | 4728 ||| PLANNING SEWER
  4796 | D:6      | 4796 ||| Stepping ~*~*~tactically~*~*~ (stealth).
  4825 | D:6      | 4825 ||| Stepping ~*~*~tactically~*~*~ (stealth).
  4979 | D:6      | Found a glowing drain.
  4980 | D:6      | 4980 ||| UPGRADING to ring of protection from fire.
  4983 | D:6      | 4983 ||| FLEEEEING.
  5001 | D:6      | 5001 ||| READING scroll labelled UTZOSO LEENKA.
  5003 | Sewer    | Entered a sewer
  5189 | Sewer    | Reached skill level 6 in Fighting
  5292 | Sewer    | 5292 ||| Stepping ~*~*~tactically~*~*~ (water).
  5313 | Sewer    | 5313 ||| Stepping ~*~*~tactically~*~*~ (stealth).
  5329 | Sewer    | 5329 ||| Stepping ~*~*~tactically~*~*~ (stealth).
  5461 | Sewer    | 5461 ||| READING 2 scrolls labelled NEYTYD IKISEIPT.
  5462 | Sewer    | 5462 ||| READING scroll labelled DUORORPH UGOE.
  5463 | Sewer    | 5463 ||| DROPPING scroll of fog.
  5467 | D:6      | 5467 ||| PLANNING D:1-11
  5536 | D:6      | Found a staircase to the Ecumenical Temple.
  5537 | D:6      | 5537 ||| PLANNING TEMPLE
  5545 | Temple   | Entered the Ecumenical Temple
  5545 | Temple   | Found a transporter.
  5545 | Temple   | Found a transporter.
  5547 | Temple   | Found a transporter.
  5547 | Temple   | Found a transporter.
  5557 | Temple   | 5557 ||| PLANNING D:1-11
  5664 | D:6      | Found a sparkling altar of Nemelex Xobeh.
  5668 | D:6      | 5668 ||| Stepping ~*~*~tactically~*~*~ (stealth).
  5669 | D:6      | 5669 ||| Stepping ~*~*~tactically~*~*~ (stealth).
  5682 | D:6      | HP: 8/51 [wight/+1 short sword (5)]
  5683 | D:6      | 5683 ||| READING 3 scrolls of teleportation.
  5686 | D:6      | 5686 ||| READING 2 scrolls of teleportation.
  5687 | D:6      | 5687 ||| Stepping ~*~*~tactically~*~*~ (water).
  5687 | D:6      | HP: 7/51 [water moccasin (3)]
  5863 | D:6      | 5863 ||| Stepping ~*~*~tactically~*~*~ (stealth).
  5893 | D:6      | 5893 ||| Stepping ~*~*~tactically~*~*~ (stealth).
  5898 | D:6      | 5898 ||| Stepping ~*~*~tactically~*~*~ (stealth).
  5901 | D:6      | 5901 ||| Stepping ~*~*~tactically~*~*~ (stealth).
  5905 | D:6      | 5905 ||| Stepping ~*~*~tactically~*~*~ (stealth).
  5912 | D:6      | Reached skill level 9 in Axes
  5913 | D:6      | Reached XP level 9. HP: 45/55 MP: 9/9
  6019 | D:6      | Found an iron altar of Okawaru.
  6020 | D:6      | 6020 ||| PLANNING OKAWARU WORSHIP
  6020 | D:6      | 6020 ||| UPGRADING to +0 tower shield.
  6030 | D:6      | 6030 ||| DROPPING +0 buckler.
  6035 | D:6      | Became a worshipper of Warmaster Okawaru
  6036 | D:6      | 6036 ||| PLANNING D:1-11
  6410 | D:6      | 6410 ||| DROPPING +2 pair of gloves.
  6520 | D:7      | Reached skill level 6 in Shields
  6554 | D:7      | Reached * piety under Okawaru
  6555 | D:7      | 6555 ||| INVOKING Heroism.
  6565 | D:7      | 6565 ||| INVOKING Heroism.
  6689 | D:7      | Noticed Dowan
  6689 | D:7      | Noticed Duvessa
  6690 | D:7      | 6690 ||| Stepping ~*~*~tactically~*~*~ (hiding).
  6693 | D:7      | 6693 ||| Stepping ~*~*~tactically~*~*~ (hiding).
  6694 | D:7      | 6694 ||| Stepping ~*~*~tactically~*~*~ (hiding).
  6707 | D:7      | Killed Duvessa
  6708 | D:7      | 6708 ||| INVOKING Heroism.
  6711 | D:7      | 6711 ||| Stepping ~*~*~tactically~*~*~ (hiding).
  6715 | D:7      | Killed Dowan
  6831 | D:7      | Reached skill level 1 in Invocations
  6892 | D:7      | 6892 ||| INVOKING Heroism.
  6949 | D:7      | 6949 ||| FLEEEEING.
  6950 | D:7      | 6950 ||| FLEEEEING.
  6951 | D:7      | 6951 ||| FLEEEEING.
  6952 | D:7      | 6952 ||| FLEEEEING.
  6953 | D:7      | 6953 ||| FLEEEEING.
  6954 | D:7      | 6954 ||| FLEEEEING.
  6955 | D:7      | 6955 ||| FLEEEEING.
  6956 | D:7      | 6956 ||| FLEEEEING.
  6957 | D:7      | 6957 ||| STAIRDANCE
  7061 | D:7      | 7061 ||| STAIRDANCE
  7091 | D:7      | 7091 ||| STAIRDANCE
  7093 | D:6      | 7093 ||| INVOKING Heroism.
  7186 | D:7      | Found a shimmering altar of Xom.
  7550 | D:7      | 7550 ||| DRINKING 3 dark potions.
  7602 | D:8      | 7602 ||| Stepping ~*~*~tactically~*~*~ (hiding).
  7603 | D:8      | 7603 ||| Stepping ~*~*~tactically~*~*~ (hiding).
  7614 | D:8      | 7614 ||| Stepping ~*~*~tactically~*~*~ (stealth).
  7636 | D:8      | Noticed Pikel
  7637 | D:8      | 7637 ||| Stepping ~*~*~tactically~*~*~ (stealth).
  7638 | D:8      | 7638 ||| Stepping ~*~*~tactically~*~*~ (stealth).
  7642 | D:8      | 7642 ||| INVOKING Heroism.
  7658 | D:8      | 7658 ||| INVOKING Heroism.
  7660 | D:8      | Killed Pikel
  7661 | D:8      | Reached XP level 10. HP: 60/60 MP: 9/13
  7721 | D:8      | Reached skill level 9 in Shields
  7848 | D:8      | Noticed an orange demon
  7848 | D:8      | Noticed Amaemon
  7849 | D:8      | 7849 ||| Stepping ~*~*~tactically~*~*~ (hiding).
  7850 | D:8      | 7850 ||| Stepping ~*~*~tactically~*~*~ (hiding).
  7863 | D:8      | 7863 ||| INVOKING Heroism.
  7875 | D:8      | HP: 14/60 [Amaemon/+0 demon whip of venom (7)]
  7876 | D:8      | 7876 ||| READING 3 scrolls of teleportation.
  7879 | D:8      | HP: 2/60 [orange demon[Amaemon] (9)]
  7879 | D:8      | Slain by an orange demon

Levels and vault maps discovered:
D:1:      lightli_arrival_maybe_door_vault, layout_rooms,
          ebering_ecumenical_altar_rust, minmay_tetromino_i4
D:2:      layout_basic, roderic_serpentine_path, uniq_terence
D:3:      layout_rooms, elyvilon_altar_1, ebering_dispersal_statue_hall,
          dk_noncrumbling_3
D:4:      minmay_razor_zed, layout_basic, serial_curves, eino_curves_04,
          eino_curves_02, grunt_ministairs_8
D:5:      layout_cave_pools, fedhas_altar_4, lemuel_crystal_altar,
          lightli_minifort, uniq_blork_the_orc
D:6:      layout_loops_cross, kennysheep_little_box,
          nemelex_xobeh_ov_fountains_minmay, minmay_temple_entry_gardened_gates,
          cheibrodos_sewer_entry_sluice
D:7:      layout_gridville, marbit_many_paths, uniq_duvessa
D:8:      layout_basic, uniq_erica, uniq_pikel, uniq_amaemon
Temple:   hellmonk_temple_divided_pantheon

Skill      XL: |  1  2  3  4  5  6  7  8  9 10 |
---------------+-------------------------------+-----
Axes           | 2 3 5 6 7 9 |  9.0
Fighting       | 4 5 6 |  6.0
Dodging        | 1 |  1.0
Armour         | 4 |  4.2
Shields        | 8 9 |  9.4
Invocations    | 4 |  4.2

Action                   |  1- 3 |  4- 6 |  7- 9 | 10-12 || total
-------------------------+-------+-------+-------+-------++-------
Melee: War axe           |    75 |   137 |   426 |    36 ||   674
Throw: Boomerang         |       |     8 |       |       ||     8
Invok: Heroism           |       |       |     7 |     1 ||     8
  Use: Scroll            |     6 |     8 |     9 |     1 ||    24
       Potion            |       |     1 |     1 |       ||     2
Armor: Scale mail        |    28 |    11 |       |       ||    39
       Chain mail        |       |    91 |   290 |    37 ||   418
Dodge: Dodged            |    36 |    49 |   145 |    24 ||   254
Block: Buckler           |    16 |    28 |    66 |       ||   110
       Tower shield      |       |       |   138 |    49 ||   187

Table legend:
 A = Non-vault XP
 B = Vault XP
 C = Vault XP percentage of total XP
 D = Non-vault monster count
 E = Vault monster count
 F = Vault count percentage of total count
                 A         B        C        D         E       F
            +---------+---------+-------+---------+---------+-------
      Total |    3564 |    1676 |  32.0 |     114 |      79 |  40.9
            +---------+---------+-------+---------+---------+-------
        D:1 |      24 |       2 |   7.7 |      16 |       2 |  11.1
        D:2 |      48 |      36 |  42.9 |      19 |       1 |   5.0
        D:3 |     281 |       0 |   0.0 |      19 |       0 |   0.0
        D:4 |     161 |     142 |  46.9 |       5 |      16 |  76.2
        D:5 |     447 |     215 |  32.5 |      12 |       5 |  29.4
        D:6 |    1248 |       5 |   0.4 |      24 |       3 |  11.1
        D:7 |     897 |     271 |  23.2 |      16 |       3 |  15.8
        D:8 |     458 |     685 |  59.9 |       3 |       1 |  25.0
      Sewer |       0 |     320 | 100.0 |       0 |      48 | 100.0
            +---------+---------+-------+---------+---------+-------
